Map: Prion Terraces

Players

Pokebunny

  • Race: Terran Terran
  • League: Grandmaster

Enough - Winner!

  • Race: Zerg Zerg
  • League: Grandmaster

VOD

Have the link to the VOD?

Description

Time

  • Played on: April 6, 2016, 10:36 p.m.
  • Length: 9:23
Show
View Real Time Build Order
Export as new Build Order

Pokebunny Terran 

Build Orders: Reaper Expand, MMM Bio 

Get SALT Encoding   

  12  0:00  SCV  
  13  0:13  SCV  
  14  0:17  Supply Depot  
  14  0:25  SCV  
  15  0:38  SCV  
  15  0:40  Barracks  
  16  0:44  Refinery  
  16  0:51  SCV  
  17  1:03  SCV  
  18  1:15  SCV  
  19  1:27  Orbital Command  
  19  1:30  Reaper  
  20  1:40  Command Center  
  20  1:50  Supply Depot  
  20  1:52  SCV  
  21  2:02  Barracks Reactor  
  21  2:05  SCV  
  22  2:09  Barracks  
  22  2:16  Barracks  
  22  2:20  SCV  
  23  2:33  SCV  
  23  2:35  Refinery  
  24  2:44  Marine x2  
  24  2:45  SCV  
  27  2:53  Factory  
  27  2:56  Orbital Command  
  27  3:03  Marine, Barracks Tech Lab  
  27  3:04  SCV  
  29  3:11  Marine x2  
  31  3:18  SCV  
  32  3:23  SCV  
  32  3:27  Marine x2, Stimpack  
  35  3:35  Supply Depot  
  35  3:36  SCV  
  35  3:37  SCV  
  35  3:40  Marine  
  35  3:41  Marine  
  39  3:45  Starport  
  39  3:46  Factory Reactor  
  39  3:51  SCV  
  39  3:52  SCV  
  41  3:59  Supply Depot  
  41  4:00  Marine x4  
  45  4:10  Engineering Bay, SCV x2  
  47  4:18  Marine x4  
  47  4:22  SCV x2  
  53  4:29  Factory Tech Lab  
  53  4:30  Medivac x2  
  57  4:37  Marine x4  
  61  4:41  SCV  
  61  4:44  Terran Infantry Weapons Level 1  
  62  4:46  Refinery  
  62  4:55  Barracks Reactor  
  62  5:01  Supply Depot  
  62  5:02  Supply Depot  
  62  5:10  Supply Depot  
  62  5:16  Barracks  
  62  5:20  Barracks  
  62  5:23  Siege Tank, Marine x3, SCV x2  
  70  5:35  SCV  
  71  5:38  Marine x2  
  71  5:40  Marine x3  
  71  5:41  Medivac  
  64  5:44  Combat Shields  
  64  5:46  SCV  
  64  5:47  SCV  
  64  5:52  Medivac  
  64  5:56  Marine x2  
  68  5:58  Marine x3  
  68  6:03  Marine  
  72  6:06  Supply Depot  
  72  6:07  Marine  
  72  6:11  Command Center  
  71  6:14  Siege Tank, Marine x2  
  71  6:16  Marine x2  
  71  6:17  Marine  
  78  6:21  Marine, Supply Depot  
  78  6:23  SCV x2  
  78  6:25  Marine  
  82  6:31  Medivac x2  
  86  6:36  Refinery  
  83  6:42  Marine x2  
  83  6:43  Marine x4  
  89  6:47  Terran Infantry Armor Level 1  
  89  6:53  Marine  
  90  7:00  Marine x2  
  90  7:01  Marine x3  
  94  7:02  Supply Depot  
  94  7:05  Marine  
  96  7:10  Supply Depot  
  96  7:11  Supply Depot, Marine  
  97  7:18  Marine x2  
  97  7:19  Marine x3  
  102  7:23  Marine  
  102  7:29  Marine  
  104  7:36  Marine x5  
  97  7:39  Siege Tank  
  97  7:41  Marine  
  97  7:46  Marine  
  97  7:54  Marine  
  97  7:55  Medivac x2  
  102  7:59  Armory, Engineering Bay  
  102  8:00  Supply Depot  
  102  8:02  SCV x2  
  104  8:09  Orbital Command  
  104  8:13  Missile Turret  
  104  8:15  Missile Turret  
  104  8:17  Siege Tank, Marine x3  
  104  8:19  Barracks Reactor  
  110  8:20  Barracks Reactor  
  110  8:24  Missile Turret  
  110  8:25  Marine  
  111  8:42  Marine x4  
  113  8:49  Medivac x2  
  87  9:05  Marine x2  
Show
View Real Time Build Order
Export as new Build Order

Enough Zerg - Winner!

Build Orders: Hatch First, Muta Ling Bane 

Get SALT Encoding   

  12  0:01  Drone  
  13  0:12  Overlord  
  13  0:17  Drone  
  14  0:30  Drone x2  
  16  0:36  Drone  
  17  0:53  Hatchery  
  17  0:54  Drone  
  17  0:57  Drone  
  18  1:06  Extractor  
  17  1:12  Spawning Pool  
  17  1:15  Drone  
  17  1:18  Drone  
  18  1:28  Drone  
  19  1:39  Drone  
  20  1:50  Overlord  
  20  2:00  Queen  
  22  2:04  Queen  
  22  2:05  Zergling x4  
  26  2:10  Metabolic Boost  
  26  2:12  Drone  
  27  2:16  Drone  
  28  2:23  Drone  
  28  2:28  Drone  
  30  2:32  Overlord  
  29  2:39  Drone  
  29  2:40  Queen  
  31  2:44  Drone  
  31  2:50  Drone  
  33  2:55  Drone  
  35  2:58  Drone  
  35  3:05  Overlord, Queen  
  35  3:08  Overlord  
  35  3:09  Drone x2  
  35  3:10  Drone  
  35  3:11  Extractor  
  39  3:13  Drone  
  39  3:15  Zergling x2, Queen  
  43  3:31  Drone x4  
  47  3:38  Drone x2  
  47  3:40  Hatchery  
  48  3:49  Drone x5, Evolution Chamber  
  48  3:50  Drone  
  48  3:51  Evolution Chamber  
  48  3:55  Overlord  
  52  3:57  Overlord  
  52  3:58  Drone  
  53  4:07  Drone  
  53  4:08  Extractor  
  53  4:15  Hatchery  
  52  4:18  Zerg Ground Armor Level 1  
  52  4:19  Zerg Melee Weapons Level 1  
  52  4:25  Drone x4  
  52  4:30  Drone x3  
  60  4:31  Drone  
  60  4:35  Baneling Nest  
  60  4:38  Queen  
  59  4:43  Queen  
  59  4:45  Zergling x2  
  64  4:51  Zergling x6  
  67  4:54  Lair  
  67  5:03  Zergling x12  
  67  5:05  Overlord  
  73  5:08  Zergling x4  
  73  5:11  Zergling x2  
  77  5:14  Zergling x4  
  77  5:19  Zergling x2  
  77  5:20  Baneling x2  
  79  5:25  Zergling x4  
  72  5:39  Drone x7  
  72  5:40  Drone x4  
  72  5:42  Extractor  
  81  5:43  Extractor  
  81  5:46  Drone, Extractor  
  81  5:47  Drone  
  81  5:54  Zergling x4  
  81  5:55  Zergling x2  
  84  5:58  Zergling x12  
  84  6:01  Hatchery  
  88  6:05  Spire  
  88  6:10  Drone  
  85  6:13  Zergling x12  
  85  6:18  Zergling x6  
  94  6:20  Centrifical Hooks  
  94  6:22  Zergling x2  
  94  6:24  Overlord x5  
  95  6:33  Zerg Ground Armor Level 2  
  95  6:34  Zerg Melee Weapons Level 2  
  95  6:42  Zergling x18  
  95  6:44  Overlord  
  95  6:46  Baneling x5  
  104  6:48  Baneling x3  
  104  6:49  Baneling x2  
  104  6:50  Baneling  
  104  6:54  Zergling x6  
  107  7:01  Zergling x14  
  114  7:05  Zergling x6  
  116  7:24  Zergling x22  
  121  7:36  Zergling x18  
  116  7:42  Queen  
  116  7:43  Queen  
  120  7:46  Mutalisk x2  
  120  7:47  Mutalisk x4  
  130  7:52  Mutalisk x2  
  130  7:56  Mutalisk x2  
  133  8:02  Mutalisk x2  
  137  8:09  Drone x5  
  137  8:10  Mutalisk  
  144  8:17  Mutalisk x2  
  148  8:21  Overlord  
  148  8:31  Baneling  
  148  8:32  Baneling x8  
  147  8:51  Zergling x2  
  147  8:52  Zergling x22  
  127  9:03  Zergling x42  
Tags
 
Add a new tag
Caveats
  • Supply blocks, unpowered buildings, or Contaminate may cause inaccurate times.
  • Supply counts are checked every 10 seconds.